 Dungeon Crawl Stone Soup version 0.18-a0-1497-g788d838 (webtiles) character file.

884 milladamen the Chopper (level 8, -4/70 HPs)
             Began as a Hill Orc Fighter on Mar 4, 2016.
             Slain by a yak (7 damage)
             ... on level 5 of the Dungeon.
             The game lasted 00:13:55 (2655 turns).

milladamen the Chopper (Hill Orc Fighter)           Turns: 2655, Time: 00:13:56

Health: -4/70      AC: 11    Str: 21    XL:     8   Next: 5%
Magic:  8/8        EV:  7    Int:  8    God:
Gold:   254        SH: 17    Dex: 10    Spells: 0 memorised, 7 levels left

rFire  . . .     SeeInvis .     a - +1 war axe
rCold  . . .     Gourm    .     b - +0 scale mail
rNeg   . . .     Faith    .     x - +0 large shield
rPois  .         Spirit   .     g - +0 helmet
rElec  .         Dismiss  .     A - +2 cloak
rCorr  .         Reflect  +     (no gloves)
SustAt .         Harm     .     (no boots)
MR     .....                    p - +2 amulet of reflection
Stlth  ..........               (no ring)
                                (no ring)

@: not resistant to hostile enchantments, extremely unstealthy
A: no striking features
a: no special abilities


You were on level 5 of the Dungeon.
You were not hungry.

You visited 1 branch of the dungeon, and saw 5 of its levels.

You collected 254 gold pieces.

Inventory:

Hand Weapons
 a - a +1 war axe (weapon)
 o - a +0 war axe
Armour
 b - a +0 scale mail (worn)
 c - a +0 shield
 g - a +0 helmet (worn)
 m - a +0 cloak
 x - a +0 large shield (worn)
 A - a +2 cloak (worn)
Jewellery
 p - a +2 amulet of reflection (around neck)
 r - an uncursed ring of protection from fire {unknown}
 t - an uncursed ring of resist corrosion {unknown}
Scrolls
 e - a scroll of random uselessness
 k - a scroll of enchant weapon
 u - a scroll of identify
 w - 2 scrolls of teleportation
Potions
 d - a potion of might
 i - 3 potions of agility
 j - 4 potions of curing {unknown}
 l - a potion of magic {unknown}
 v - a potion of lignification {unknown}
Books
 h - a book of Annihilations

   Spells                             Type                      Level
   a - Poison Arrow                   Conjuration/Poison           6
   b - Chain Lightning                Conjuration/Air              8
   c - Lehudib's Crystal Spear        Conjuration/Earth            8
   d - Glaciate                       Conjuration/Ice              9
   e - Fire Storm                     Conjuration/Fire             9
Comestibles
 f - 3 bread rations
 n - 4 meat rations
 q - 7 fruits
 s - a slice of pizza


   Skills:
 + Level 6.0 Fighting
 + Level 6.4 Axes
 + Level 4.8 Armour
 + Level 2.7 Dodging
 + Level 5.6 Shields


You had 7 spell levels left.
You didn't know any spells.

Dungeon Overview and Level Annotations

Branches:
Dungeon (5/15)
 Temple: D:4-7

Altars:
Elyvilon
Nemelex Xobeh
Okawaru
Ru
Trog
The Shining One


Message History

You slash the yak!
The yak is heavily wounded.
Your shield prevents you from hitting the yak.
The yak is almost dead.
The yak gores you.
* * * LOW HITPOINT WARNING * * *
You block the yak's attack.
You slash the yak!
You kill the yak!
Your Fighting skill increases to level 6!
You have reached level 8!
You closely miss the yak.
The yak is heavily wounded.
You hit the yak.
The yak is lightly wounded.
You slash the yak!
The yak is severely wounded.
You block the yak's attack. The yak gores you but does no damage.
You block the yak's attack. The yak gores you!
You die...

### ..#....... ...
..#.......
##.##.#..[....
.....#.$.....
#..#...(...
#.#...Y.###
#.#Yc.....#
..#Y######## #.#@Y#
>## #.#..# .8#
#.#..# [# #.##.# 8
##....#
#.....##8...8#######
#.....##.....##....#
..
#.....#8.....8#.##.#
..
##.##.##.....##.##.#


You could see 3 yaks and a centaur.

Vanquished Creatures
  2 yaks (D:5)
  Menkaure (D:4)
  A howler monkey (D:5)
  A centaur skeleton (D:4)
  2 hounds (D:4)
  2 jellies
  A giant frog skeleton (D:4)
  4 worker ants
  4 adders
  A gnoll (D:5)
  A shadow imp (D:5)
  An ooze (D:3)
  3 worms
  A dart slug (D:4)
  4 giant geckos
  8 orcs
  3 giant cockroaches
  10 goblins
  3 hobgoblins
  3 jackals (D:5)
  A quokka (D:4)
  7 bats
  5 giant newts
  15 kobolds
  9 rats
93 creatures vanquished.

Notes
Turn   | Place    | Note
--------------------------------------------------------------
     0 | D:1      | milladamen the Hill Orc Fighter began the quest for the Orb.
     0 | D:1      | Reached XP level 1. HP: 19/19 MP: 1/1
    79 | D:1      | Found a sparkling altar of Nemelex Xobeh.
   210 | D:1      | Reached XP level 2. HP: 25/27 MP: 2/2
   518 | D:2      | Reached XP level 3. HP: 30/33 MP: 3/3
  1060 | D:3      | Reached XP level 4. HP: 40/40 MP: 4/4
  1308 | D:3      | Reached skill level 1 in Dodging
  1336 | D:3      | Reached XP level 5. HP: 21/47 MP: 5/5
  1585 | D:3      | Found a sparkling altar of Nemelex Xobeh.
  1585 | D:3      | Found a sacrificial altar of Ru.
  1734 | D:4      | Noticed Menkaure
  1742 | D:4      | Killed Menkaure
  1742 | D:4      | Reached skill level 5 in Fighting
  1742 | D:4      | Reached XP level 6. HP: 25/56 MP: 6/6
  1762 | D:4      | Reached skill level 5 in Axes
  1866 | D:4      | Found a glowing golden altar of the Shining One.
  2260 | D:4      | Reached XP level 7. HP: 59/61 MP: 7/7
  2276 | D:5      | Entered Level 5 of the Dungeon
  2279 | D:5      | Found a white marble altar of Elyvilon.
  2529 | D:5      | Found an iron altar of Okawaru.
  2530 | D:5      | Found a bloodstained altar of Trog.
  2631 | D:5      | Noticed a yak
  2632 | D:5      | Noticed a yak
  2633 | D:5      | Noticed a yak
  2633 | D:5      | Noticed a yak
  2633 | D:5      | Noticed a yak
  2650 | D:5      | Killed a yak
  2650 | D:5      | Reached skill level 5 in Shields
  2653 | D:5      | HP: 3/62 [yak (3)]
  2654 | D:5      | Killed a yak
  2654 | D:5      | Reached XP level 8. HP: 3/70 MP: 8/8
  2655 | D:5      | Slain by a yak

Vault maps used:
D:1:      moated_graveyard_arrival, nemelex_deck
D:2:      minmay_door_path, first_bread
D:3:      gammafunk_temple_overflow_pools, minmay_surrounded
D:4:      corexii_shack_village, tso_metal_star, uniq_menkaure
D:5:      grunt_temple_overflow_bloody_war, nicolae_overflow_hidden_temple

Skill      XL: |  1  2  3  4  5  6  7 |
---------------+----------------------+-----
Fighting       | 4 5 6 |  6.0
Axes           | 3 4 5 6 |  6.4
Dodging        | 1 2 |  2.7
Armour         | 4 |  4.8
Shields        | 4 5 |  5.6

Action                   |  1- 3 |  4- 6 |  7- 9 || total
-------------------------+-------+-------+-------++-------
Melee: War axe           |   132 |   101 |    55 ||   288
Evoke: Deck              |     6 |       |       ||     6
  Use: Scroll            |     5 |     1 |     4 ||    10
  Eat: Chunk             |     1 |     1 |       ||     2
       Meat ration       |       |     1 |       ||     1
